 Dungeon Crawl Stone Soup version 0.20.1-1-g8b1a95d (webtiles) character file.

57 Maskull the Shield-Bearer (level 3, -5/36 HPs)
             Began as a Troll Fighter on Aug 22, 2017.
             Slain by BGT's ghost (13 damage)
             ... on level 3 of the Dungeon.
             The game lasted 00:03:59 (1599 turns).

Maskull the Shield-Bearer (Troll Fighter)           Turns: 1599, Time: 00:04:00

Health: -5/36      AC:  5    Str: 30    XL:     3   Next: 73%
Magic:  2/2        EV:  8    Int:  4    God:
Gold:   135        SH:  9    Dex:  9    Spells: 2/2 levels left

rFire    . . .     SeeInvis .     - Unarmed
rCold    . . .     Gourm    +   b - +0 shield
rNeg     . . .     Faith    +   a - +0 robe
rPois    .         Spirit   .   (helmet restricted)
rElec    .         Reflect  .   (no cloak)
rCorr    .         Harm     .   (gloves unavailable)
MR       .....                  (boots unavailable)
Stlth    +.........             j - amulet of faith
Regen    0.6/turn               (no ring)
MPRegen  0.1/turn               (no ring)

@: mighty
A: unfitting armour, claws 3, fast metabolism 3, gourmand, regeneration 1,
shaggy fur 1, tough skin 2
a: no special abilities


You were on level 3 of the Dungeon.
You were full.

You visited 1 branch of the dungeon, and saw 3 of its levels.

You collected 135 gold pieces.

Inventory:

Armour
 a - a +0 robe (worn)
 b - a +0 shield (worn)
Jewellery
 j - an amulet of faith (around neck)
Scrolls
 e - 3 scrolls of identify {unknown}
 f - a scroll of amnesia {unknown}
 h - a scroll of remove curse {unknown}
 k - a scroll of enchant weapon {unknown}
 m - a scroll of random uselessness {unknown}
 n - a scroll of immolation {unknown}
Potions
 g - a potion of curing {unknown}
 i - a potion of invisibility {unknown}
 l - a potion of flight {unknown}


   Skills:
 * Level 2.6 Fighting
 * Level 2.9 Dodging
 * Level 3.0 Shields
 * Level 2.5 Unarmed Combat


You had 2 spell levels left.
You didn't know any spells.

Dungeon Overview and Level Annotations

Branches:
Dungeon (3/15)

Altars:
Dithmenos
Makhleb

Annotations:
D:3 BGT's ghost, weakling TrBe


Innate Abilities, Weirdness & Mutations

You are too large for most types of armour.
You have claws for hands.
Your metabolism is lightning-fast.
You like to eat raw meat.
Your natural rate of healing is unusually fast.
You are covered in fur. (AC +1)
You have very tough skin. (AC +2)


Message History

You now have 135 gold pieces (gained 9).
A frilled lizard comes into view.
BGT's ghost turns its malevolent gaze towards you.
You scratch BGT's ghost.
BGT's ghost is lightly damaged.
The frilled lizard hisses angrily.
BGT's ghost hits you!
You scratch BGT's ghost.
BGT's ghost is moderately damaged.
BGT's ghost hits you!
You closely miss BGT's ghost.
BGT's ghost is moderately damaged.
BGT's ghost hits you!
* * * LOW HITPOINT WARNING * * *
You feel very mighty all of a sudden. You block BGT's ghost's attack.
You block the frilled lizard's attack.
You claw BGT's ghost!
BGT's ghost is severely damaged.
BGT's ghost hits you!
You die...

# ### #. ...
#. ....
#.#####...
###.......
........###
####..@W.#
#..<..#l.....#
#.##.#_#..#..#
# #..#...# .
#......#
########


You could see BGT's ghost and a frilled lizard.

Vanquished Creatures
  An adder (D:2)
  A worm (D:2)
  2 dart slugs
  A leopard gecko (D:1)
  A ball python (D:2)
  3 bats
  A giant cockroach (D:1)
  5 hobgoblins
  2 jackals (D:2)
  A quokka (D:2)
  4 frilled lizards
  7 goblins
  7 kobolds
  5 rats
41 creatures vanquished.

Vanquished Creatures (others)
  4 toadstools (D:1)
4 creatures vanquished.

Grand Total: 45 creatures vanquished

Notes
Turn   | Place    | Note
-------+----------+-------------------------------------------
     0 | D:1      | Maskull the Troll Fighter began the quest for the Orb.
     0 | D:1      | Reached XP level 1. HP: 22/22 MP: 0/0
   114 | D:1      | Reached XP level 2. HP: 25/29 MP: 1/1
   683 | D:2      | Reached XP level 3. HP: 33/36 MP: 2/2
   845 | D:2      | Found a burning altar of Makhleb.
   845 | D:2      | Noticed a balrug
   848 | D:2      | Noticed a hellwing
   848 | D:2      | Noticed a hellwing
   938 | D:2      | Reached skill level 3 in Shields
  1180 | D:2      | Found a shadowy altar of Dithmenos.
  1590 | D:3      | Found a faded altar of an unknown god.
  1593 | D:3      | Noticed BGT's ghost (weakling TrBe)
  1599 | D:3      | Slain by BGT's ghost

Skill      XL: |  1  2  3 |
---------------+----------+-----
Shields        | 3 |  3.0
Fighting       | |  2.6
Dodging        | |  2.9
Unarmed Combat | |  2.5

Action                   || total
-------------------------++-------
Melee: Unarmed           ||   113
  Use: Potion            ||     1
 Stab: Sleeping          ||     1
  Eat: Bread ration      ||     2
       Chunk             ||     7
Armor: Robe              ||    26
Dodge: Dodged            ||    35
Block: Shield            ||    45
